 Dungeon Crawl Stone Soup version 0.21.1-1-g345015f (webtiles) character file.

787 t7DKbSm the Skirmisher (level 7, -4/67 HPs)
             Began as a Gargoyle Berserker on June 2, 2018.
             Was a Priest of Trog.
             Slain by Prince Ribbit (13 damage)
             ... on level 5 of the Dungeon.
             The game lasted 00:13:13 (4822 turns).

t7DKbSm the Skirmisher (Gargoyle Berserker)         Turns: 4822, Time: 00:13:15

Health: -4/67      AC: 11    Str: 26    XL:     7   Next: 87%
Magic:  7/7        EV: 13    Int:  7    God:    Trog [***...]
Gold:   250        SH:  0    Dex: 16    Spells: 6/6 levels left

rFire    . . .     SeeInvis +   x - +5 flail (crush)
rCold    . . .     Gourm    .   (no shield)
rNeg     + . .     Faith    .   q - +2 leather armour {MR+}
rPois    ∞         Spirit   .   (no helmet)
rElec    +         Reflect  .   (no cloak)
rCorr    .         Harm     +   (no gloves)
MR       ++++.                  g - +0 pair of boots {run}
Stlth    ..........             r - amulet of harm
HPRegen  1.21/turn              o - ring of see invisible
MPRegen  0.10/turn              w - ring "Hupab" {MR+ Dex+5}

@: berserking, regenerating, very quick
A: negative energy resistance 1, electricity resistance, unbreathing,
petrification resistance, rot immunity, AC +4
a: Berserk, Trog's Hand, Burn Spellbooks, Renounce Religion


You were on level 5 of the Dungeon.
You worshipped Trog.
Trog was most pleased with you.
You were near starving.

You visited 1 branch of the dungeon, and saw 5 of its levels.

You collected 250 gold pieces.

Inventory:

Hand Weapons
 x - a +5 flail of crushing (weapon)
Missiles
 f - 4 needles of confusion
 k - 22 poisoned needles
Armour
 g - a +0 pair of boots of running (worn)
 q - a +2 leather armour of magic resistance (worn)
Jewellery
 o - a ring of see invisible (left hand)
 r - an amulet of harm (around neck)
 u - an uncursed amulet of magic regeneration
 w - the ring "Hupab" (right hand) {MR+ Dex+5}
   (You found it on level 4 of the Dungeon)

   [ring of protection from magic]

   It affects your dexterity (+5).
   It affects your resistance to hostile enchantments.
Wands
 v - a wand of acid (7)
Scrolls
 b - a scroll of amnesia {unknown}
 d - 4 scrolls of identify
 h - 3 scrolls of enchant armour
 m - 6 scrolls of remove curse
 n - 2 scrolls of teleportation {unknown}
 p - a scroll of immolation {unknown}
 t - a scroll of blinking {unknown}
 y - a scroll of magic mapping {unknown}
Potions
 a - a potion of flight {unknown}
 e - a potion of mutation {unknown}
 i - a potion of haste {unknown}
 j - a potion of heal wounds {unknown}
 l - a potion of magic {unknown}
 s - a potion of curing {unknown}
Books
 A - a book of Ice

   Spells                             Type                      Level
   a - Ice Form                       Ice/Transmutation            4
   b - Metabolic Englaciation         Hexes/Ice                    5
   c - Ozocubu's Refrigeration        Ice                          6
   d - Bolt of Cold                   Conjuration/Ice              6
   e - Freezing Cloud                 Conjuration/Ice/Air          6
   f - Simulacrum                     Ice/Necromancy               6
   Trog disapproves of the use of such an item.
Comestibles
 c - 6 rations
 z - a chunk of flesh


   Skills:
 + Level 5.6 Fighting
   Level 4.2(5.0) Axes
 + Level 3.1(4.3) Maces & Flails
   Level 2.5(3.7) Polearms
 + Level 3.1 Armour
 + Level 2.8 Dodging
 + Level 2.8 Stealth


You had 6 spell levels left.
You didn't know any spells.

Dungeon Overview and Level Annotations

Branches:
Dungeon (5/15)             Temple (0/1) D:5

Altars:
Gozag
Qazlal
Zin

Shops:
D:5 [

Annotations:
D:4 1 runed door
D:5 Prince Ribbit


Innate Abilities, Weirdness & Mutations

You are resistant to torment.
Your stone body is resilient. (AC +4)
You are immune to poison.
You resist negative energy. (rN+)
You are resistant to electric shocks. (rElec)
You can survive without breathing.
You are immune to petrification.
You are immune to rotting.


Message History

You are too injured to fight recklessly!
Prince Ribbit is nearby!
You are too injured to fight recklessly!
Prince Ribbit is nearby!
You are too injured to fight recklessly!
You are too injured to fight recklessly!
Prince Ribbit is nearby!
Your skin crawls.
You feel resistant to hostile enchantments.
You feel somewhat more hungry. Prince Ribbit hits you!
A red film seems to cover your vision as you go berserk!
You feel yourself moving faster!
You feel mighty!
You are near starving!
Prince Ribbit hits you!
* * * LOW HITPOINT WARNING * * *
Prince Ribbit barely misses you.
You bludgeon Prince Ribbit!!
Prince Ribbit is almost dead.
Prince Ribbit hits you!
You die...

..#
#....#.......##.#...
#.∩................# #
#....####.#####.#### #.
#....# #.#.........
#..#....####.#.....####
#[.........#...#.......
#.?.....###.#.######
#.........#...#
#@#...#####.###
#...F.#...#####.###
......###............
.#.... #............
#... ######...[.....
#..###..............
#.......#.#.........
##.####...........[.
#.......#.#.........


You could see Prince Ribbit.

Vanquished Creatures
  Edmund (D:4)
  An ice beast (D:5)
  2 crimson imps (D:5)
  A centaur zombie (D:5)
  3 orc priests
  A hound (D:5)
  2 orc wizards (D:5)
  Natasha (twice) (D:4)
  2 worker ants (D:5)
  5 adders
  2 shadow imps
  3 oozes
  A worm (D:2)
  2 dart slugs (D:2)
  3 leopard geckos
  22 orcs
  A ball python (D:4)
  2 bats
  7 giant cockroaches
  5 goblins
  11 hobgoblins
  2 jackals (D:1)
  2 quokkas
  5 frilled lizards
  8 kobolds
  9 rats
105 creatures vanquished.

Notes
Turn   | Place    | Note
-------+----------+-------------------------------------------
     0 | D:1      | t7DKbSm the Gargoyle Berserker began the quest for the Orb.
     0 | D:1      | Reached XP level 1. HP: 14/14 MP: 1/1
   457 | D:1      | Reached XP level 2. HP: 18/19 MP: 2/2
   481 | D:1      | You fall through a shaft!
   537 | D:1      | Identified a +0 pair of boots of running (You found it on level 1 of the Dungeon)
   588 | D:1      | Reached XP level 3. HP: 21/24 MP: 3/3
   714 | D:1      | Reached ** piety under Trog
  1464 | D:2      | Reached skill level 1 in Stealth
  1672 | D:2      | Reached XP level 4. HP: 29/29 MP: 4/4
  1937 | D:2      | Reached skill level 4 in Fighting
  2698 | D:3      | Reached *** piety under Trog
  2863 | D:3      | Reached XP level 5. HP: 16/33 MP: 5/5
  3422 | D:3      | Found a stormy altar of Qazlal.
  3700 | D:4      | Found a runed door.
  3700 | D:4      | Noticed an angel
  3701 | D:4      | Found a glowing silver altar of Zin.
  3766 | D:4      | Noticed Natasha
  3773 | D:4      | Killed Natasha
  3773 | D:4      | Reached skill level 1 in Polearms
  3782 | D:4      | Got a translucent wooden ring
  3783 | D:4      | Noticed Natasha
  3788 | D:4      | Killed Natasha
  3794 | D:4      | Reached XP level 6. HP: 39/39 MP: 6/6
  3800 | D:4      | Identified the ring "Hupab" {MR+ Dex+5} (You found it on level 4 of the Dungeon)
  3871 | D:4      | Noticed Edmund
  3885 | D:4      | Killed Edmund
  4325 | D:5      | Entered Level 5 of the Dungeon
  4355 | D:5      | Noticed an ice beast
  4368 | D:5      | Killed an ice beast
  4368 | D:5      | Reached skill level 5 in Fighting
  4368 | D:5      | Reached XP level 7. HP: 24/44 MP: 7/7
  4396 | D:5      | Reached skill level 1 in Maces & Flails
  4440 | D:5      | Found an opulent altar of Gozag.
  4528 | D:5      | Found a staircase to the Ecumenical Temple.
  4780 | D:5      | Found Poha's Armour Emporium.
  4818 | D:5      | Noticed Prince Ribbit
  4822 | D:5      | Slain by Prince Ribbit

Skill      XL: |  1  2  3  4  5  6  7 |
---------------+----------------------+-----
Axes           | 3 4 |  4.2
Stealth        | 1 2 |  2.8
Fighting       | 4 5 |  5.6
Dodging        | 2 |  2.8
Polearms       | 1 2 |  2.5
Maces & Flails | 3 |  3.1
Armour         | 3 |  3.1

Action                   |  1- 3 |  4- 6 |  7- 9 || total
-------------------------+-------+-------+-------++-------
Melee: Hand axe          |   121 |    68 |       ||   189
       Trident           |       |    88 |       ||    88
       Flail             |       |    21 |    55 ||    76
Invok: Berserk           |       |     2 |     2 ||     4
       Trog's Hand       |       |     2 |     2 ||     4
       Burn Spellbooks   |       |       |     1 ||     1
  Use: Scroll            |       |     3 |       ||     3
 Stab: Sleeping          |     2 |     4 |       ||     6
  Eat: Chunk             |     2 |     8 |     3 ||    13
       Ration            |       |     2 |       ||     2
Armor: Animal skin       |    39 |    25 |       ||    64
       Leather armour    |       |    23 |    19 ||    42
Dodge: Dodged            |    67 |   106 |    40 ||   213
